3AAA
HIALEAH DODOS @ CORPUS CHRISTI TWINS
05/29/2017
 
TOP OF THE 1ST
Hialeah Dodos batting - Pitching for Corpus Christi Twins : RHP Ernest Sloan
Pitching: RHP Ernest Sloan
Batting: RHB Brian King 0-0: Bunted foul
0-1: Fly out, F7 (Flyball, 78M)
Batting: RHB Mitch Jensen 0-0: Ball
1-0: Foul Ball, location: 2F
1-1: Swinging Strike
1-2: Foul Ball, location: 2F
1-2: Fly out, F7 (Flyball, 7M)
Batting: SHB Daryl Moore 0-0: Called Strike
0-1: SINGLE (Line Drive, 4MD)
Batting: LHB José Alvia 0-0: Fly out, F8 (Flyball, 8RS)
Top of the 1st over - 0 run(s), 1 hit(s), 0 error(s), 1 left on base; Hialeah 0 - Corpus Christi 0
BOTTOM OF THE 1ST
Corpus Christi Twins batting - Pitching for Hialeah Dodos : LHP Tony Hernández
Pitching: LHP Tony Hernández
Batting: SHB Rex Menzel 0-0: Fly out, F6 (Popup, 6MD)
Batting: RHB Otso Tuulari 0-0: Foul Ball, location: 2F
0-1: Foul Ball, location: 2F
0-2: Ball
1-2: Ball
2-2: Foul Ball, location: 2F
2-2: Fly out, F9 (Flyball, 9M)
Batting: RHB Gonzalo Núñez 0-0: Fly out, F6 (Popup, 78S)
Bottom of the 1st over - 0 run(s), 0 hit(s), 0 error(s), 0 left on base; Hialeah 0 - Corpus Christi 0
TOP OF THE 2ND
Hialeah Dodos batting - Pitching for Corpus Christi Twins : RHP Ernest Sloan
Batting: RHB Luis Trujillo 0-0: Ball
1-0: Ball
2-0: Called Strike
2-1: Ground out 5-3 (Groundball, 5)
Batting: LHB Jeff Conklin 0-0: Swinging Strike
0-1: Called Strike
0-2: Strikes out swinging
Batting: RHB Owen Cunningham 0-0: Ground out 5-3 (Groundball, 56)
Top of the 2nd over - 0 run(s), 0 hit(s), 0 error(s), 0 left on base; Hialeah 0 - Corpus Christi 0
BOTTOM OF THE 2ND
Corpus Christi Twins batting - Pitching for Hialeah Dodos : LHP Tony Hernández
Batting: RHB António Alvarado 0-0: Ball
1-0: Ball
2-0: Called Strike
2-1: Ball
3-1: Base on Balls
Batting: RHB Dan Kirk 0-0: Ball
1-0: Ball
2-0: Foul Ball, location: 2F
2-1: Swinging Strike
2-2: Strikes out looking
Batting: RHB Denis Taylor 0-0: Ball
1-0: SINGLE (Groundball, 34D)
António Alvarado to second
Runner from 2nd tries for 3rd, SAFE, throw made to third
Batting: LHB Danny Scanlan 0-0: Ball
1-0: Called Strike
1-1: Called Strike
1-2: Foul Ball, location: 2F
1-2: Foul Ball, location: 2F
1-2: Foul Ball, location: 2F
1-2: SINGLE (Groundball, 34)
António Alvarado scores
Denis Taylor to second
Runner from 2nd tries for 3rd, SAFE, throw made to third
Batting: RHB Chad Graham 0-0: Ball
1-0: Grounds into double play, 5-4-3 (Groundball, 6)
Bottom of the 2nd over - 1 run(s), 2 hit(s), 0 error(s), 1 left on base; Hialeah 0 - Corpus Christi 1
TOP OF THE 3RD
Hialeah Dodos batting - Pitching for Corpus Christi Twins : RHP Ernest Sloan
Batting: RHB Ed Lee 0-0: Foul Ball, location: 2F
0-1: Called Strike
0-2: Ball
1-2: Ball
2-2: Ground out 5-3 (Groundball, 5L)
Batting: RHB Ji-chol Yang 0-0: Ball
1-0: Swinging Strike
1-1: Fly out, F5 (Popup, 13)
Batting: RHB Brian King 0-0: Ball
1-0: Called Strike
1-1: Ball
2-1: Called Strike
2-2: Foul Ball, location: 2F
2-2: Ball
3-2: Foul Ball, location: 2F
3-2: SINGLE (Line Drive, 8LS)
Batting: RHB Mitch Jensen 0-0: Swinging Strike
0-1: Called Strike
Brian King steals 2nd base
Balk!
Brian King to third
0-2: Ball
1-2: Fly out, F8 (Flyball, 89M)
Top of the 3rd over - 0 run(s), 1 hit(s), 0 error(s), 1 left on base; Hialeah 0 - Corpus Christi 1
BOTTOM OF THE 3RD
Corpus Christi Twins batting - Pitching for Hialeah Dodos : LHP Tony Hernández
Batting: RHB Martín González 0-0: Called Strike
0-1: Called Strike
0-2: Ball
1-2: Ball
2-2: Foul Ball, location: 2F
2-2: Ground out 5-3 (Groundball, 5)
Batting: SHB Rex Menzel 0-0: Ball
1-0: Swinging Strike
1-1: SINGLE (Groundball, 56D)
Batting: RHB Otso Tuulari 0-0: Ball
1-0: Called Strike
1-1: Ball
2-1: Foul Ball, location: 2F
2-2: SINGLE (Line Drive, 4M)
Rex Menzel to second
Batting: RHB Gonzalo Núñez 0-0: SINGLE (Flyball, 9LS)
Rex Menzel to third
Otso Tuulari to second
Runner from 3rd tries for Home, throw and OUT!
Otso Tuulari to third
Gonzalo Núñez to second
Batting: RHB António Alvarado 0-0: Ball
1-0: Fly out, F9 (Flyball, 9LM)
Bottom of the 3rd over - 0 run(s), 3 hit(s), 0 error(s), 2 left on base; Hialeah 0 - Corpus Christi 1
TOP OF THE 4TH
Hialeah Dodos batting - Pitching for Corpus Christi Twins : RHP Ernest Sloan
Batting: SHB Daryl Moore 0-0: Swinging Strike
0-1: Swinging Strike
0-2: Ball
1-2: Ball
2-2: Ball
3-2: Strikes out swinging
Batting: LHB José Alvia 0-0: Ball
1-0: Swinging Strike
1-1: Ball
2-1: Ball
3-1: Ground out 3-1 (Groundball, 34)
Batting: RHB Luis Trujillo 0-0: SOLO HOME RUN (Flyball, 78XD), Distance : 419 ft
Batting: LHB Jeff Conklin 0-0: Called Strike
0-1: Ball
1-1: Ground out 6-3 (Groundball, 6)
Top of the 4th over - 1 run(s), 1 hit(s), 0 error(s), 0 left on base; Hialeah 1 - Corpus Christi 1
BOTTOM OF THE 4TH
Corpus Christi Twins batting - Pitching for Hialeah Dodos : LHP Tony Hernández
Batting: RHB Dan Kirk 0-0: Foul Ball, location: 2F
0-1: Ball
1-1: Ball
2-1: Ground out 5-3 (Groundball, 5)
Batting: RHB Denis Taylor 0-0: DOUBLE (Flyball, 89XD)
Batting: LHB Danny Scanlan 0-0: Called Strike
0-1: Foul Ball, location: 2F
0-2: Ball
1-2: Strikes out swinging
Batting: RHB Chad Graham 0-0: Ball
1-0: Ball
2-0: Ball
3-0: Called Strike
3-1: Ground out 4-3 (Groundball, 4)
Bottom of the 4th over - 0 run(s), 1 hit(s), 0 error(s), 1 left on base; Hialeah 1 - Corpus Christi 1
TOP OF THE 5TH
Hialeah Dodos batting - Pitching for Corpus Christi Twins : RHP Ernest Sloan
Batting: RHB Owen Cunningham 0-0: Swinging Strike
0-1: Ball
1-1: Ball
2-1: Called Strike
2-2: Ball
3-2: Strikes out swinging
Batting: RHB Ed Lee 0-0: Foul Ball, location: 2F
0-1: Ball
1-1: Ball
2-1: DOUBLE (Line Drive, 7LS)
Batting: RHB Ji-chol Yang 0-0: Ball
1-0: SINGLE (Groundball, 6M)
Ed Lee to third
Batting: RHB Brian King 0-0: Ball
1-0: Foul Ball, location: 2F
1-1: Foul Ball, location: 2F
1-2: Ball
2-2: Ball
3-2: Foul Ball, location: 2F
3-2: Base on Balls
Ji-chol Yang to second
Batting: RHB Mitch Jensen 0-0: Ball
1-0: Fly out, F8 (Flyball, 8LM)
Runner from 3rd tags up, SCORES, no throw
Batting: SHB Daryl Moore 0-0: Called Strike
0-1: SINGLE (Groundball, 6MD)
Ji-chol Yang to third
Brian King to second
Runner from 3rd tries for Home, SAFE, no throw or cutoff
Batting: LHB José Alvia 0-0: Ball
1-0: Called Strike
1-1: Ball
2-1: SINGLE (Groundball, 4M)
Brian King to third
Daryl Moore to second
Runner from 3rd tries for Home, throw and OUT!
Top of the 5th over - 2 run(s), 4 hit(s), 0 error(s), 2 left on base; Hialeah 3 - Corpus Christi 1
BOTTOM OF THE 5TH
Corpus Christi Twins batting - Pitching for Hialeah Dodos : LHP Tony Hernández
Batting: RHB Martín González 0-0: Ball
1-0: Ball
2-0: Ground out 5-3 (Groundball, 56S)
Batting: SHB Rex Menzel 0-0: Called Strike
0-1: Ball
1-1: Ball
2-1: Ball
3-1: Fly out, F6 (Popup, 5L)
Batting: RHB Otso Tuulari 0-0: Swinging Strike
0-1: Ball
1-1: Swinging Strike
1-2: Ground out 5-3 (Groundball, 5S)
Bottom of the 5th over - 0 run(s), 0 hit(s), 0 error(s), 0 left on base; Hialeah 3 - Corpus Christi 1
TOP OF THE 6TH
Hialeah Dodos batting - Pitching for Corpus Christi Twins : RHP Ernest Sloan
Batting: RHB Luis Trujillo 0-0: Ball
1-0: Foul Ball, location: 2F
1-1: Ball
2-1: Swinging Strike
2-2: Strikes out looking
Batting: LHB Jeff Conklin 0-0: Ball
1-0: Swinging Strike
1-1: Foul Ball, location: 2F
1-2: Ball
2-2: Ball
3-2: Foul Ball, location: 2F
3-2: Base on Balls
Batting: RHB Owen Cunningham 0-0: Called Strike
0-1: Ball
1-1: Swinging Strike
1-2: Grounds into double play, 6-4-3 (Groundball, 56)
Top of the 6th over - 0 run(s), 0 hit(s), 0 error(s), 0 left on base; Hialeah 3 - Corpus Christi 1
BOTTOM OF THE 6TH
Corpus Christi Twins batting - Pitching for Hialeah Dodos : LHP Tony Hernández
Batting: RHB Gonzalo Núñez 0-0: Ball
1-0: Ball
2-0: Foul Ball, location: 2F
2-1: Ball
3-1: Called Strike
3-2: Foul Ball, location: 2F
3-2: SINGLE (Groundball, 56)
Batting: RHB António Alvarado 0-0: DOUBLE (Flyball, 89D)
Gonzalo Núñez to third
Runner from 3rd tries for Home, throw and OUT!
Batting: RHB Dan Kirk 0-0: Called Strike
0-1: Swinging Strike
0-2: Fly out, F7 (Flyball, 7S)
0-2: Lined into DP, 7-4 (Flyball, 7S)
Bottom of the 6th over - 0 run(s), 2 hit(s), 0 error(s), 0 left on base; Hialeah 3 - Corpus Christi 1
TOP OF THE 7TH
Hialeah Dodos batting - Pitching for Corpus Christi Twins : RHP Ernest Sloan
Batting: RHB Ed Lee 0-0: Ball
1-0: Ball
2-0: Ball
3-0: Called Strike
3-1: Foul Ball, location: 2F
3-2: Strikes out swinging
Batting: RHB Ji-chol Yang 0-0: Called Strike
0-1: Ball
1-1: Foul Ball, location: 2F
1-2: Foul Ball, location: 2F
1-2: Foul Ball, location: 2F
1-2: Foul Ball, location: 2F
1-2: Strikes out swinging
Batting: RHB Brian King 0-0: Ball
1-0: Ball
2-0: Called Strike
2-1: Foul Ball, location: 2F
2-2: Fly out, F4 (Popup, 4)
Top of the 7th over - 0 run(s), 0 hit(s), 0 error(s), 0 left on base; Hialeah 3 - Corpus Christi 1
BOTTOM OF THE 7TH
Corpus Christi Twins batting - Pitching for Hialeah Dodos : LHP Tony Hernández
Batting: RHB Denis Taylor 0-0: Ball
1-0: Ball
2-0: Ball
3-0: Called Strike
3-1: Foul Ball, location: 2F
3-2: Strikes out looking
Batting: LHB Danny Scanlan 0-0: SINGLE (Line Drive, 34D)
Batting: RHB Chad Graham 0-0: Ball
1-0: Called Strike
1-1: Called Strike
1-2: Ground out 4-3 (Groundball, 4M)
Danny Scanlan to second
Batting: RHB Martín González 0-0: Ball
1-0: Foul Ball, location: 2F
1-1: Foul Ball, location: 2F
1-2: Ball
2-2: Foul Ball, location: 2F
2-2: Foul Ball, location: 2F
2-2: Ball
3-2: Ground out 6-3 (Groundball, 6)
Bottom of the 7th over - 0 run(s), 1 hit(s), 0 error(s), 1 left on base; Hialeah 3 - Corpus Christi 1
TOP OF THE 8TH
Hialeah Dodos batting - Pitching for Corpus Christi Twins : RHP Ernest Sloan
Batting: RHB Mitch Jensen 0-0: Ball
1-0: Called Strike
1-1: Ball
2-1: Ground out 5-3 (Groundball, 56S)
Pitching: LHP Eugene Baker
Batting: SHB Daryl Moore 0-0: Foul Ball, location: 2F
0-1: Ball
1-1: Ground out 3-1 (Groundball, 34S)
Batting: LHB José Alvia 0-0: Called Strike
0-1: Ball
1-1: Foul Ball, location: 2F
1-2: Ball
2-2: Ball
3-2: Base on Balls
Batting: RHB Luis Trujillo 0-0: Ball
1-0: Ball
2-0: Ball
Passed Ball!
José Alvia to second
3-0: Called Strike
3-1: Base on Balls
Pitching: LHP Gustavo Rúbio
Pinch Hitting: RHB Jorge Emiliani 0-0: Called Strike
0-1: Ball
1-1: Swinging Strike
1-2: Ball
2-2: Fly out, F8 (Flyball, 78XD)
Top of the 8th over - 0 run(s), 0 hit(s), 0 error(s), 2 left on base; Hialeah 3 - Corpus Christi 1
BOTTOM OF THE 8TH
Corpus Christi Twins batting - Pitching for Hialeah Dodos : LHP Tony Hernández
Now at 3B: Roosevelt Gibson
Batting: SHB Rex Menzel 0-0: Called Strike
0-1: Ball
1-1: Ground out 4-3 (Groundball, 4M)
Batting: RHB Otso Tuulari 0-0: Ball
1-0: Ball
2-0: Foul Ball, location: 2F
2-1: Swinging Strike
2-2: Strikes out looking
Batting: RHB Gonzalo Núñez 0-0: Swinging Strike
0-1: Ball
1-1: Fly out, F6 (Popup, 5)
Bottom of the 8th over - 0 run(s), 0 hit(s), 0 error(s), 0 left on base; Hialeah 3 - Corpus Christi 1
TOP OF THE 9TH
Hialeah Dodos batting - Pitching for Corpus Christi Twins : LHP Gustavo Rúbio
Pitching: RHP Claudio Salinas
Batting: RHB Owen Cunningham 0-0: Ball
1-0: Swinging Strike
1-1: Ball
2-1: Called Strike
2-2: Strikes out swinging
Batting: RHB Ed Lee 0-0: Ball
1-0: Foul Ball, location: 2F
1-1: Swinging Strike
1-2: Ball
2-2: SINGLE (Line Drive, 7S)
Batting: RHB Ji-chol Yang 0-0: Ball
1-0: SINGLE (Groundball, 6)
Ed Lee to second
Pitching: RHP José Salinas
Batting: RHB Brian King 0-0: Ball
1-0: Ball
2-0: Ball
3-0: Base on Balls
Ed Lee to third
Ji-chol Yang to second
Batting: RHB Mitch Jensen 0-0: Ball
1-0: Called Strike
1-1: Called Strike
1-2: Strikes out swinging
Batting: SHB Daryl Moore 0-0: Called Strike
0-1: Swinging Strike
0-2: Ball
1-2: Ball
2-2: SINGLE (Groundball, 4M)
Ed Lee scores
Ji-chol Yang to third
Brian King to second
Runner from 3rd tries for Home, SAFE, no throw or cutoff
Batting: LHB José Alvia 0-0: Called Strike
0-1: Ball
1-1: Swinging Strike
1-2: Ball
2-2: Fielders Choice at 2nd, 5-4 (Groundball, 5D)
Top of the 9th over - 2 run(s), 3 hit(s), 0 error(s), 1 left on base; Hialeah 5 - Corpus Christi 1
BOTTOM OF THE 9TH
Corpus Christi Twins batting - Pitching for Hialeah Dodos : LHP Tony Hernández
Pitching: RHP Jesús González
Batting: RHB António Alvarado 0-0: Ball
1-0: SINGLE (Line Drive, 78S)
Batting: RHB Dan Kirk 0-0: Ball
1-0: Reached on Error, E9 (Flyball, 9M)
António Alvarado to second
Pitching: RHP Florim Zhulati
Batting: RHB Denis Taylor 0-0: Called Strike
0-1: Swinging Strike
0-2: Ball
1-2: Foul Ball, location: 2F
1-2: Ball
2-2: Foul Ball, location: 2F
2-2: Foul Ball, location: 2F
2-2: Ball
3-2: Fielders Choice at 2nd, 6-4 (Groundball, 6)
António Alvarado to third
Batting: LHB Danny Scanlan 0-0: Ball
1-0: Fly out, F5 (Popup, 5SF)
Batting: RHB Chad Graham 0-0: Swinging Strike
0-1: Fly out, F8 (Popup, 4MD)
Bottom of the 9th over - 0 run(s), 1 hit(s), 1 error(s), 2 left on base; Hialeah 5 - Corpus Christi 1
This league is powered by Out of the Park Baseball, the baseball management simulation game for PC, Mac and Linux
Saturday, February 27th, 2021 - OOTP Baseball 15.6 Build 34